 Dungeon Sprint DCSS version 0.28-a0-1236-gb25a51b929 (webtiles) character file.

Game seed: 12698805242187384523

38 rocky1 the Insei (level 3, 0/29 HPs)
             Began as a Gnoll Transmuter on Dec 26, 2021.
             Was an Initiate of Okawaru.
             Splashed by a jelly's acid (1 damage)
             ... in the Dungeon (Sprint VII: "The Pits").
             The game lasted 00:02:23 (456 turns).

rocky1 the Insei (Gnoll Transmuter)                  Turns: 456, Time: 00:02:24

Health: 0/29       AC: -1    Str:  9    XL:     3   Next: 43%
Magic:  8/9        EV: 13    Int: 14    God:    Okawaru [......]
Gold:   0          SH:  0    Dex: 12    Spells: 11/12 levels left

rFire   . . .      SeeInvis .     - Unarmed
rCold   . . .      Faith    .   (no shield)
rNeg    . . .      Spirit   .   a - +0 robe
rPois   .          Reflect  .   (helmet currently unavailable)
rElec   .          Harm     .   (no cloak)
rCorr   .          Rampage  .   (no gloves)
Will    .....      NoTele   +   (boots currently unavailable)
Stlth   ++........              (no amulet)
HPRegen 0.09/turn               (no ring)
MPRegen 0.11/turn               (no ring)

@: lethally poisoned (0 -> -3), appendages (expiring), corroded
A: horns 2, talons 2, fangs 1, strong nose, distributed training
a: End Transformation, Renounce Religion


You were in the Dungeon.
You worshipped Okawaru.
Okawaru was noncommittal.
You had temporarily grown beastly horns and talons.
You visited 1 branch

Inventory:

Armour
 a - a +0 robe (worn)
Scrolls
 g - a scroll of blinking
 i - 5 scrolls of amnesia
Potions
 b - a potion of curing
 c - a potion of heal wounds
 d - a potion of haste
 e - 4 potions of magic
 f - 3 potions of berserk rage
 h - 2 potions of invisibility


   Skills:
 + Level 3.3 Fighting
 + Level 2.0 Short Blades
 + Level 2.0 Long Blades
 + Level 2.0 Axes
 + Level 2.0 Maces & Flails
 + Level 2.0 Polearms
 + Level 2.0 Staves
 + Level 2.0 Slings
 + Level 2.0 Bows
 + Level 2.0 Crossbows
 + Level 2.0 Throwing
 + Level 2.0 Armour
 + Level 5.0 Dodging
 + Level 2.0 Stealth
 + Level 2.0 Shields
 + Level 6.8 Unarmed Combat
 + Level 5.4 Spellcasting
 + Level 1.6 Conjurations
 + Level 1.6 Hexes
 + Level 1.6 Summonings
 + Level 1.6 Necromancy
 + Level 1.6 Translocations
 + Level 4.1 Transmutations
 + Level 1.6 Fire Magic
 + Level 1.6 Ice Magic
 + Level 1.6 Air Magic
 + Level 1.6 Earth Magic
 + Level 1.6 Poison Magic
 + Level 2.2 Invocations
 + Level 2.0 Evocations


You had 11 spell levels left.
You knew the following spells:

 Your Spells              Type           Power      Damage    Failure   Level
a - Beastly Appendage     Tmut           30%        N/A       3%          1

Your spell library contained the following spells:

 Spells                   Type           Power      Damage    Failure   Level
 Wereblood                Tmut           15%        N/A       4%          2
 Spider Form              Tmut/Pois      11%        N/A       16%         3
 Ice Form                 Ice/Tmut       11%        N/A       45%         4


Dungeon Overview and Level Annotations

Branches:
Dungeon (1/1)

Altars:
Ashenzari
Cheibriados
Dithmenos
Elyvilon
Fedhas
Gozag
Hepliaklqana
Kikubaaqudgha
Makhleb
Nemelex Xobeh
Okawaru
Qazlal
Ru
Sif Muna
Trog
Uskayaw
Vehumet
Wu Jian
Xom
Yredelemnul
Zin
The Shining One
Beogh
Jiyva
Lugonu


Innate Abilities, Weirdness & Mutations

You have temporarily grown beastly horns and talons.
You have very sharp teeth.
Your uncanny sense of smell can sniff out nearby items.
Your experience applies equally to all skills.


Message History

There is an open door here.
The giant cockroach waves its antennae.
The giant cockroach barely misses you. The adder bites you.
The kobold barely misses you.
You closely miss the adder. The giant cockroach bites you. The adder bites you.
You are poisoned.
The adder poisons you!
You miss the adder. You headbutt the adder.
You bite the adder, but do no damage.
The adder is heavily wounded.
You feel sick. The giant cockroach misses you. The adder misses you.
The kobold barely misses you.
You hit the adder.
You kill the adder!
Okawaru accepts your kill. The giant cockroach barely misses you.
The kobold closely misses you.
Your Short Blades skill increases to level 2!
Your Long Blades skill increases to level 2!
Your Axes skill increases to level 2!
Your Maces & Flails skill increases to level 2!
Your Polearms skill increases to level 2!
Your Staves skill increases to level 2!
Your Slings skill increases to level 2!
Your Bows skill increases to level 2!
Your Crossbows skill increases to level 2!
Your Throwing skill increases to level 2!
Your Armour skill increases to level 2!
Your Dodging skill increases to level 5!
Your Stealth skill increases to level 2!
Your Shields skill increases to level 2!
Your Evocations skill increases to level 2!
You punch the jelly!
Your hands burn!
The jelly is heavily wounded.
You feel sick. The giant cockroach bites you. The kobold barely misses you.
The jelly hits you.
You are splashed with acid!
* * * LOW HITPOINT WARNING * * *
You are too injured to fight recklessly!
You are too injured to fight recklessly!
Unknown command.
You punch the jelly! The acid corrodes you!
Your hands burn!
You die...

##########'##...........
#.?(.')))'.##......#..#.
##########.##...........
#...........'...........
#+#####'#####......#..#.
#..#..#..##...........
#..)..)..#####'#####++
##+####'###.......#
#....J@..##.......#
#....KB..##.......#
#####+#####...<...#
∆∆∆∆∆ #.......# ∆∆∆∆∆
#.......# #.......#
######### ∆∆∆∆


You could see a jelly, a giant cockroach and a kobold.

Vanquished Creatures
  2 adders (D)
  A gnoll (D)
  An ufetubus (D)
  An endoplasm (D)
  A giant cockroach (D)
  A goblin (D)
7 creatures vanquished.

Notes
Turn   | Place    | Note
-------+----------+-------------------------------------------
     0 | D        | rocky1 the Gnoll Transmuter began the quest for the Orb.
     0 | D        | Reached XP level 1. HP: 17/17 MP: 6/6
    25 | D        | Reached skill level 1 in Short Blades
    25 | D        | Reached skill level 1 in Long Blades
    25 | D        | Reached skill level 1 in Axes
    25 | D        | Reached skill level 1 in Maces & Flails
    25 | D        | Reached skill level 1 in Polearms
    25 | D        | Reached skill level 1 in Staves
    25 | D        | Reached skill level 1 in Slings
    25 | D        | Reached skill level 1 in Bows
    25 | D        | Reached skill level 1 in Crossbows
    25 | D        | Reached skill level 1 in Throwing
    25 | D        | Reached skill level 1 in Armour
    25 | D        | Reached skill level 1 in Stealth
    25 | D        | Reached skill level 1 in Shields
    25 | D        | Reached skill level 5 in Spellcasting
    25 | D        | Reached skill level 1 in Invocations
    25 | D        | Reached skill level 1 in Evocations
   144 | D        | Found a bloodstained altar of Trog.
   144 | D        | Found a shimmering blue altar of Sif Muna.
   144 | D        | Found a viscous altar of Jiyva.
   144 | D        | Found a hazy altar of Hepliaklqana.
   144 | D        | Found an opulent altar of Gozag.
   145 | D        | Found a glowing golden altar of the Shining One.
   145 | D        | Found a glowing silver altar of Zin.
   145 | D        | Found a basalt altar of Yredelemnul.
   145 | D        | Found a shimmering altar of Xom.
   145 | D        | Found an ornate altar of the Wu Jian Council.
   145 | D        | Found a sacrificial altar of Ru.
   145 | D        | Found a stormy altar of Qazlal.
   145 | D        | Found an iron altar of Okawaru.
   145 | D        | Found a sparkling altar of Nemelex Xobeh.
   145 | D        | Found a burning altar of Makhleb.
   145 | D        | Found a blossoming altar of Fedhas.
   145 | D        | Found a white marble altar of Elyvilon.
   145 | D        | Found a shadowy altar of Dithmenos.
   145 | D        | Found a snail-covered altar of Cheibriados.
   147 | D        | Found a radiant altar of Vehumet.
   147 | D        | Found a corrupted altar of Lugonu.
   148 | D        | Found a hide-covered altar of Uskayaw.
   148 | D        | Found an ancient bone altar of Kikubaaqudgha.
   148 | D        | Found a broken altar of Ashenzari.
   159 | D        | Became a worshipper of Warmaster Okawaru
   205 | D        | Reached XP level 2. HP: 23/23 MP: 6/8
   214 | D        | Reached skill level 1 in Conjurations
   214 | D        | Reached skill level 1 in Hexes
   214 | D        | Reached skill level 1 in Summonings
   214 | D        | Reached skill level 1 in Necromancy
   214 | D        | Reached skill level 1 in Translocations
   214 | D        | Reached skill level 1 in Fire Magic
   214 | D        | Reached skill level 1 in Ice Magic
   214 | D        | Reached skill level 1 in Air Magic
   214 | D        | Reached skill level 1 in Earth Magic
   214 | D        | Reached skill level 1 in Poison Magic
   226 | D        | Reached XP level 3. HP: 10/29 MP: 7/9
   455 | D        | Reached skill level 5 in Dodging
   455 | D        | HP: 1/29 [acid (9)]
   456 | D        | Splashed by a jelly's acid

Illustrated notes

Levels and vault maps discovered:
D:        pitsprint [storerooms_1, entrance_room_1, metal_vault_1, armoury_1,
          mini_pit_1, grid_room_1, main_hall_1, silver_pit, the_coven_2,
          the_vestibule_1, steel_vault_2, golden_pit, hallway_of_sentries,
          crystal_vault_6, iron_vault_1, final_vault]

Skill      XL: |  1  2  3 |
---------------+----------+-----
Short Blades   | 1 2 |  2.0
Long Blades    | 1 2 |  2.0
Axes           | 1 2 |  2.0
Maces & Flails | 1 2 |  2.0
Polearms       | 1 2 |  2.0
Staves         | 1 2 |  2.0
Slings         | 1 2 |  2.0
Bows           | 1 2 |  2.0
Crossbows      | 1 2 |  2.0
Throwing       | 1 2 |  2.0
Armour         | 1 2 |  2.0
Stealth        | 1 2 |  2.0
Shields        | 1 2 |  2.0
Spellcasting   | 5 |  5.4
Invocations    | 1 2 |  2.2
Evocations     | 1 2 |  2.0
Fighting       | 3 |  3.3
Conjurations   | 1 |  1.6
Hexes          | 1 |  1.6
Summonings     | 1 |  1.6
Necromancy     | 1 |  1.6
Translocations | 1 |  1.6
Transmutations | 4 |  4.1
Fire Magic     | 1 |  1.6
Ice Magic      | 1 |  1.6
Air Magic      | 1 |  1.6
Earth Magic    | 1 |  1.6
Poison Magic   | 1 |  1.6
Dodging        | 5 |  5.0
Unarmed Combat | |  6.8

Action                   || total
-------------------------++-------
Melee: Unarmed           ||    30
       Bite              ||     4
       Headbutt          ||     4
       Kick              ||     1
 Cast: Beastly Appendage ||     4
 Stab: Sleeping          ||     1
Armor: Robe              ||     3
Dodge: Dodged            ||    27

Table legend: (Time is in decaauts)
 A = Elapsed time spent in this place.
 B = Non-inter-level travel time spent in this place.
 C = Inter-level travel time spent in this place.
 D = Time resting spent in this place.
 E = Time spent auto-exploring this place.
 F = Levels seen in this place.
 G = Mean time per level.
                   A        B        C        D        E       F      G
               +--------+--------+--------+--------+--------+-----+--------+
         Total |    452 |    452 |      0 |    331 |      0 |   1 |  452.0 |
       Dungeon |    452 |    452 |      0 |    331 |      0 |   1 |  452.0 |
               +--------+--------+--------+--------+--------+-----+--------+

Top non-repeatable levels by time:
       D: 452 daAuts
